 Dungeon Crawl Stone Soup version 0.18.1-48-g4cf74bf (console) character file.

20852 Kloppie the Spear-Bearer (level 12, 0/141 HPs)
             Began as a Centaur Berserker on Aug 2, 2016.
             Was a High Priest of Trog.
             Slain by Sonja
             ... wielding a +0 short sword of distortion
              (9 damage)
             ... on level 3 of the Lair of Beasts.
             The game lasted 00:25:19 (17162 turns).

Kloppie the Spear-Bearer (Centaur Berserker)       Turns: 17162, Time: 00:25:20

Health: 0/141      AC: 20    Str: 25      XL:     12   Next: 49%
Magic:  12/12      EV: 14    Int:  4 (6)  God:    Trog [*****.]
Gold:   789        SH:  0    Dex: 14      Spells: 0 memorised, 11 levels left

rFire  . . .     SeeInvis .     a - +2 trident (venom)
rCold  . . .     Gourm    .     B - +3 ring mail of Panentheism {rElec}
rNeg   . . .     Faith    +     (no shield)
rPois  +         Spirit   .     K - +1 helmet
rElec  +         Dismiss  .     x - +2 cloak
rCorr  .         Reflect  .     n - +1 pair of gloves
SustAt .         Harm     .     (no barding)
MR     ++...                    H - amulet of faith
Stlth  ..........               w - +5 ring of protection
                                I - ring of poison resistance

@: berserking, about to teleport, regenerating, very quick, very resistant to
hostile enchantments, extremely unstealthy
A: hooves 3, blurry vision 1, deformed body, speed 2, frail 1, tough skin 3,
MP-powered wands
a: Berserk, Trog's Hand, Brothers in Arms, Burn Spellbooks, Renounce Religion


You were on level 3 of the Lair of Beasts.
You worshipped Trog.
Trog was extremely pleased with you.
You were very hungry.

You visited 2 branches of the dungeon, and saw 13 of its levels.
You visited the Abyss 1 time.

You collected 789 gold pieces.

Inventory:

Hand Weapons
 a - a +2 trident of venom (weapon)
 i - a +0 antimagic halberd
Armour
 n - a +1 pair of gloves (worn)
 x - a +2 cloak (worn)
 B - the +3 ring mail of Panentheism (worn) {rElec}
   (You found it on level 5 of the Dungeon)

   It insulates you from electricity.
 K - a +1 helmet (worn)
Jewellery
 q - an uncursed ring of see invisible
 v - an uncursed ring of stealth
 w - a +5 ring of protection (right hand)
 E - an uncursed ring of flight
 G - an uncursed ring of protection from cold
 H - an amulet of faith (around neck)
 I - a ring of poison resistance (left hand)
 N - an uncursed ring of protection from cold
Wands
 e - a wand of lightning (1/15)
 f - a wand of iceblast (8/15)
 r - a wand of paralysis (13/24)
 t - a wand of slowing (14/48)
 C - a wand of polymorph (10/24)
Scrolls
 d - 2 scrolls of noise
 h - a scroll of recharging
 p - 6 scrolls of remove curse
 y - a scroll of magic mapping
 F - 2 scrolls of identify
 J - a scroll of fog
 L - 2 scrolls of fear
Potions
 b - 3 potions of flight
 g - 5 potions of ambrosia
 j - 4 potions of lignification
 k - a potion of magic
 m - a potion of haste
 o - 2 potions of degeneration {unknown}
 s - 3 potions of invisibility
 D - a potion of might
 M - a potion of heal wounds {unknown}
 O - a potion of resistance {unknown}
 Q - 3 potions of agility {unknown}
Comestibles
 c - 10 bread rations
 l - 6 beef jerkies
 u - 3 meat rations
 z - 3 slices of pizza
 P - 9 royal jellies


   Skills:
 - Level 9.6 Fighting
 + Level 13.4 Polearms
 - Level 1.3 Armour
 + Level 9.4 Dodging


You had 11 spell levels left.
You didn't know any spells.

Dungeon Overview and Level Annotations

Branches:
Dungeon (9/15)             Temple (0/1) D:4            Lair (4/8) D:9
    Orc (0/2) D:9
  Swamp: Lair:3-6    Shoals: Lair:3-6     Snake: Lair:3-6    Spider: Lair:3-6

Altars:
Ashenzari
Fedhas
Gozag
Makhleb
Ru
Sif Muna
Trog
Zin

Annotations:
Lair:3 exclusion: oklob plant, Sonja


Innate Abilities, Weirdness & Mutations

You have hooves in place of feet.
Armour fits poorly on your strangely shaped body.
You cover ground very quickly.
You have extremely tough skin (AC +3).
Scrolls take you a little longer to read.
You are frail (-10% HP).
You expend magic power (3 MP) to strengthen your wands.


Message History

You feel slightly more hungry.
Sonja twirls her cape.
Your ogre goes berserk!
You feel somewhat more hungry. Sonja hits you but does no damage.
Space bends around you.
* * * LOW HITPOINT WARNING * * *
Sonja hits you but does no damage.
You feel strangely unstable. Sonja hits you but does no damage.
Space warps horribly around you!
* * * LOW HITPOINT WARNING * * *
The neqoxec gestures at you.
Something tries to feed on your intellect!
A red film seems to cover your vision as you go berserk!
You feel yourself moving faster!
You feel mighty!
You are feeling very hungry.
Sonja barely misses you. x2; Sonja hits you but does no damage.
Space warps horribly around you!
* * * LOW HITPOINT WARNING * * *
The neqoxec misses you.
Your ogre completely misses Sonja.
Sonja hits you with an uncursed short sword of distortion!
You die...

. .......#.##.##.P# ### #.. ...
.....#....#####..###.###.. #<#
...#..P.## #........... #.#
##.#..#..# #P####.##.#. #.#
#P..#...## ### #####..
..########..##....# ### #..
..##...#.#...#...## #######.# ##.
..............OK3.###.P..##.# #.
........).......@...........####.
.#....#####.##....##.######......
.###### ####..##..## ##...## .#
######## ###### ## # #


You could see a neqoxec, Sonja and a friendly ogre (berserk).

Vanquished Creatures
  A hydra (Lair:1)
  A hill giant (D:9)
  5 black mambas
  8 spiny frogs
  A rime drake (Lair:3)
  7 komodo dragons
  3 polar bears (Lair:3)
  A troll (D:9)
  3 two-headed ogres
  11 blink frogs
  16 yaks (Lair:1)
  2 basilisks (Lair:3)
  A hippogriff (D:7)
  3 hungry ghosts
  2 soldier ants (D:9)
  6 water moccasins
  2 orc warriors
  4 porcupines
  6 sky beasts
  A wasp (D:9)
  3 ogres
  4 black bears (Lair:3)
  2 necrophages
  2 centaurs
  A big kobold (D:9)
  5 wolves (Lair:2)
  8 crocodiles
  Blork the orc (D:6)
  12 giant frogs
  A small abomination (Abyss:1)
  5 scorpions
  The ghost of r0y the Cudgeler, a weakling MiBe of Trog (D:3)
  9 wights
  An electric eel (Lair:4)
  5 crimson imps
  A giant frog zombie (D:7)
  A quasit (D:7)
  4 hounds
  A jelly (D:7)
  3 orc priests
  Crazy Yiuf (D:6)
  7 orc wizards
  8 iguanas
  9 worker ants
  3 hell rats (Lair:3)
  2 hound skeletons
  A hound zombie (D:7)
  A howler monkey skeleton (D:6)
  8 river rats (Lair:4)
  12 adders
  2 shadow imps
  An ooze (D:2)
  2 adder skeletons
  5 worms
  A dart slug (D:1)
  5 giant geckos
  20 orcs
  6 giant cockroaches
  8 goblins
  10 hobgoblins
  6 jackals
  7 kobolds
  3 quokkas
  9 bats
  A giant gecko skeleton (D:9)
  2 giant newts
  2 quokka skeletons
  6 rats
302 creatures vanquished.

Vanquished Creatures (collateral kills)
  2 hell rats (Lair:3)
2 creatures vanquished.

Vanquished Creatures (others)
  4 fungi
  A lurking horror (Abyss:1)
  3 plants
8 creatures vanquished.

Grand Total: 312 creatures vanquished

Notes
Turn   | Place    | Note
--------------------------------------------------------------
     0 | D:1      | Kloppie the Centaur Berserker began the quest for the Orb.
     0 | D:1      | Reached XP level 1. HP: 19/19 MP: 1/1
   108 | D:1      | Reached XP level 2. HP: 19/26 MP: 2/2
   186 | D:1      | Reached skill level 3 in Polearms
   292 | D:1      | Reached ** piety under Trog
   613 | D:2      | Reached XP level 3. HP: 25/33 MP: 3/3
   757 | D:2      | Found an opulent altar of Gozag.
   773 | D:2      | Found a bloodstained altar of Trog.
  1900 | D:3      | Reached XP level 4. HP: 40/40 MP: 4/4
  2117 | D:3      | Noticed r0y's ghost (weakling MiBe)
  2134 | D:3      | Killed r0y's ghost
  2134 | D:3      | Reached skill level 4 in Polearms
  2307 | D:3      | Reached XP level 5. HP: 43/47 MP: 5/5
  2388 | D:3      | Found a glowing silver altar of Zin.
  2388 | D:3      | Found an opulent altar of Gozag.
  3110 | D:4      | Reached skill level 5 in Fighting
  3379 | D:4      | Reached XP level 6. HP: 55/56 MP: 6/6
  3673 | D:4      | Reached skill level 5 in Polearms
  3687 | D:4      | Found a staircase to the Ecumenical Temple.
  3708 | D:4      | Reached *** piety under Trog
  4085 | D:5      | Entered Level 5 of the Dungeon
  4124 | D:5      | Reached XP level 7. HP: 48/63 MP: 7/7
  4587 | D:5      | Got a translucent ring mail
  4598 | D:5      | Identified the +3 ring mail of Panentheism {rElec} (You found it on level 5 of the Dungeon)
  4766 | D:6      | Reached skill level 6 in Polearms
  4872 | D:6      | Found a shattered altar of Ashenzari.
  4955 | D:6      | Found a sacrificial altar of Ru.
  5009 | D:6      | Noticed Blork the orc
  5022 | D:6      | Killed Blork the orc
  5022 | D:6      | Reached XP level 8. HP: 58/71 MP: 8/8
  5090 | D:6      | Noticed Crazy Yiuf
  5099 | D:6      | Killed Crazy Yiuf
  5464 | D:6      | Reached skill level 7 in Polearms
  6061 | D:7      | You fall through a shaft for 2 floors!
  6061 | D:9      | Noticed a two-headed ogre
  6261 | D:8      | Noticed a two-headed ogre
  6271 | D:8      | Killed a two-headed ogre
  6271 | D:8      | Reached skill level 8 in Polearms
  6354 | D:8      | Reached XP level 9. HP: 81/81 MP: 9/9
  6884 | D:8      | Found a deep blue altar of Sif Muna.
  6925 | D:8      | Reached **** piety under Trog
  6925 | D:8      | Reached skill level 9 in Polearms
  7590 | D:7      | Found a burning altar of Makhleb.
  7861 | D:7      | Found a blossoming altar of Fedhas.
  8455 | D:9      | Reached XP level 10. HP: 89/89 MP: 10/10
  8779 | D:9      | Reached skill level 10 in Polearms
  8990 | D:9      | Found a staircase to the Orcish Mines.
  9037 | D:9      | Found a staircase to the Lair.
  9239 | D:9      | Noticed a hill giant
  9248 | D:9      | Killed a hill giant
  9579 | D:9      | Reached skill level 5 in Dodging
  9840 | Lair:1   | Entered Level 1 of the Lair of Beasts
  9840 | Lair:1   | Noticed a spiny frog
  9860 | Lair:1   | Killed a spiny frog
 10440 | Lair:1   | Noticed a spiny frog
 10452 | Lair:1   | Killed a spiny frog
 10681 | Lair:1   | Noticed a spiny frog
 10702 | Lair:1   | Killed a spiny frog
 10702 | Lair:1   | Reached skill level 11 in Polearms
 11092 | Lair:1   | Reached XP level 11. HP: 75/97 MP: 11/11
 12079 | Lair:1   | Noticed a six-headed hydra
 12085 | Lair:1   | Killed a six-headed hydra
 12444 | Lair:1   | Reached skill level 12 in Polearms
 12691 | Lair:2   | Reached ***** piety under Trog
 12702 | Lair:2   | HP: 4/97 [poisoned by a black mamba]
 13273 | Lair:2   | You fall through a shaft for 2 floors!
 14307 | Lair:4   | Reached XP level 12. HP: 90/105 MP: 12/12
 14580 | Lair:3   | Noticed Sonja
 14672 | Lair:3   | Received a gift from Trog
 15545 | Lair:3   | Reached skill level 13 in Polearms
 16957 | Lair:3   | Cast into level 1 of the Abyss (Sonja)
 17080 | Abyss:1  | Noticed an ophan
 17153 | Abyss:1  | Gained mutation: Scrolls take you a little longer to read. [a neqoxec]
 17154 | Abyss:1  | Gained mutation: You expend magic power (3 MP) to strengthen your wands. [a neqoxec]
 17154 | Abyss:1  | Gained mutation: You are frail (-10% HP). [a neqoxec]
 17159 | Lair:3   | Escaped the Abyss
 17162 | Lair:3   | Slain by Sonja

Skill      XL: |  1  2  3  4  5  6  7  8  9 10 11 12 |
---------------+-------------------------------------+-----
Polearms       | 3 4 5 6 8 9 11 12 13 | 13.4
Fighting       | 4 5 6 7 9 |  9.6
Dodging        | 3 6 8 9 |  9.4
Armour         | |  1.3

Action                   |  1- 3 |  4- 6 |  7- 9 | 10-12 || total
-------------------------+-------+-------+-------+-------++-------
Melee: Spear             |   139 |   212 |   367 |       ||   718
       Kick              |    25 |    49 |   147 |   239 ||   460
       Trident           |       |       |   172 |   819 ||   991
Invok: Berserk           |       |     2 |     4 |     4 ||    10
       Trog's Hand       |       |     1 |     2 |     7 ||    10
       Brothers in Arms  |       |       |       |     2 ||     2
  Use: Scroll            |       |       |    14 |    12 ||    26
       Potion            |       |       |       |     4 ||     4
  Eat: Chunk             |     2 |     8 |    26 |    21 ||    57
       Meat ration       |       |       |     2 |       ||     2
Armor: Animal skin       |    43 |     2 |       |       ||    45
       Ring mail         |       |    19 |   242 |   299 ||   560
       Scale mail        |       |    55 |    19 |       ||    74
       Skin              |       |       |       |     8 ||     8
Dodge: Dodged            |    39 |    61 |   154 |   304 ||   558
